 Dungeon Crawl Stone Soup version 0.29.1-1-gd02db6906a (webtiles) character file.

Game seed: 9701786101227294476

283 Earthwalker the Shield-Bearer (level 6, 0/55 HPs)
             Began as a Minotaur Fighter on Oct 15, 2022.
             Slain by Crazy Yiuf
             ... wielding a +3 quarterstaff of chaos
              (10 damage)
             ... on level 2 of the Dungeon.
             The game lasted 00:05:29 (2969 turns).

Earthwalker the Shield-Bearer (Minotaur Fighter)    Turns: 2969, Time: 00:05:30

Health: 0/55       AC:  7    Str: 22    XL:     6   Next: 7%
Magic:  5/5        EV: 10    Int:  5    God:
Gold:   159        SH: 10    Dex: 10    Spells: 5/5 levels left

rFire   . . .      SeeInvis .   a - +0 war axe
rCold   . . .      Faith    .   c - +0 buckler
rNeg    . . .      Spirit   .   b - +0 scale mail
rPois   .          Reflect  +   (helmet restricted)
rElec   .          Harm     .   (no cloak)
rCorr   .          Rampage  .   (no gloves)
Will    .....                   (no boots)
Stlth   ..........              p - amulet of reflection
HPRegen 0.18/turn               g - ring of wizardry
MPRegen 0.09/turn               (no ring)

@: mighty
A: horns 2, retaliatory headbutt
a: no special abilities


You were on level 2 of the Dungeon.
You visited 1 branch of the dungeon, and saw 4 of its levels.

You collected 159 gold pieces.

Inventory:

Hand Weapons
 a - a +0 war axe (weapon)
Missiles
 f - 8 atropa-tipped darts (quivered)
 n - 10 boomerangs
Armour
 b - a +0 scale mail (worn)
 c - a +0 buckler (worn)
Jewellery
 g - a ring of wizardry (left hand)
 p - an amulet of reflection (around neck)
 y - an amulet of magic regeneration
Wands
 k - a wand of polymorph (6)
 x - a wand of iceblast (4)
Scrolls
 e - a scroll of poison {unknown}
 h - 2 scrolls of enchant armour {unknown}
 i - 2 scrolls of fear {unknown}
 l - a scroll of teleportation {unknown}
 m - 2 scrolls of torment {unknown}
 o - a scroll of butterflies {unknown}
 q - a scroll of noise {unknown}
 r - 4 scrolls of identify {unknown}
 t - a scroll of blinking {unknown}
 v - a scroll of magic mapping {unknown}
Potions
 d - a potion of might
 j - 3 potions of magic {unknown}
 s - 2 potions of brilliance {unknown}
 u - 2 potions of curing {unknown}
 w - a potion of heal wounds {unknown}


   Skills:
 * Level 4.8 Fighting
 * Level 4.1 Axes
 * Level 4.8 Armour
 * Level 2.6 Dodging
 * Level 4.9 Shields


You had 5 spell levels left.
You didn't know any spells.
Your spell library contained the following spells:

 Spells                   Type           Power      Damage    Failure   Level
 Apportation              Tloc           0%         N/A       52%         1
 Ignite Poison            Fire/Tmut/Pois 0%         N/A       87%         3
 Mephitic Cloud           Conj/Pois/Air  0%         N/A       87%         3
 Alistair's Intoxication  Tmut/Pois      0%         N/A       100%        5
 Freezing Cloud           Conj/Ice/Air   0%         6-21      100%        5


Dungeon Overview and Level Annotations

Branches:
Dungeon (4/15)
 Temple: D:4-7

Altars:
Dithmenos

Annotations:
D:2 Crazy Yiuf, Robin


Innate Abilities, Weirdness & Mutations

You have a pair of horns on your head.
You reflexively headbutt those who attack you in melee.


Message History

You closely miss the goblin. The goblin barely misses you.
You slash the goblin!
You kill the goblin!
You closely miss the goblin. The goblin hits you with a +0 dagger.
Robin says, "A pitiful Minotaur like you will never find the ORB!"
Robin hits you but does no damage. The goblin barely misses you.
You block Robin's attack.
You slash the goblin!
You kill the goblin!
You block Robin's attack.
You slash Crazy Yiuf!
Crazy Yiuf is heavily wounded.
The hobgoblin no longer looks unusually strong.
Crazy Yiuf hits you with a +3 quarterstaff of chaos!
Robin closely misses you.
You hit Crazy Yiuf.
Crazy Yiuf is heavily wounded.
You block Crazy Yiuf's attack.
Robin says, "A pitiful Minotaur like you will never find the ORB!"
You block Robin's attack.
You slash Crazy Yiuf!
You headbutt Crazy Yiuf, but do no damage.
Crazy Yiuf is almost dead.
Crazy Yiuf hits you with a +3 quarterstaff of chaos!
Robin closely misses you. You block Crazy Yiuf's attack.
Robin barely misses you.
You barely miss Crazy Yiuf.
Crazy Yiuf is almost dead.
You block Crazy Yiuf's attack. Robin hits you but does no damage.
You closely miss Crazy Yiuf. Your headbutt misses Crazy Yiuf.
Crazy Yiuf is almost dead.
Crazy Yiuf hits you with a +3 quarterstaff of chaos!
You feel very mighty all of a sudden.
Robin roars a battlecry!
The hobgoblin goes into a battle-frenzy!
Crazy Yiuf screams, "East fast high!"
Crazy Yiuf hits you with a +3 quarterstaff of chaos!
* * * LOW HITPOINT WARNING * * *
You are electrocuted!
You die...

#.....###.#
##..##
##...## #.#
#....# #####
#.# ♣....♣
#.# ♣^..♣♣
#########.##
♣♣.♣♣
.....#.....#
♣.♣♣
####.#.##..#
♣♣.♣
#...#......#
♣)♣♣
#.##.#.#...#
♣♣@♣
#.##.#.....#
#g# #####
#.##.###...#


gg. #...# .....# ##.## #...# ###.# #.#### #.# #..)# #.# #.# #.# ##### #.# #.#
##'## #.# #.# ##...## #######.# ..# ##.....## #.##.##.# You could see Crazy
Yiuf, Robin and a hobgoblin (strong).

Vanquished Creatures
  2 scorpions (D:4)
  A jelly (D:3)
  Jessica (D:2)
  An orc wizard (D:4)
  An adder (D:2)
  A dart slug (D:2)
  17 orcs
  A bat (D:2)
  4 endoplasms
  2 giant cockroaches
  6 goblins (D:2)
  6 hobgoblins
  2 jackals (D:2)
  4 kobolds
  2 quokkas
  2 ball pythons
  3 frilled lizards (D:1)
  4 rats
60 creatures vanquished.

Notes
Turn   | Place    | Note
-------+----------+-------------------------------------------
     0 | D:1      | Earthwalker the Minotaur Fighter began the quest for the
                  | Orb.
     0 | D:1      | Reached XP level 1. HP: 19/19 MP: 0/0
   648 | D:2      | Reached XP level 2. HP: 23/27 MP: 1/1
   700 | D:2      | Found a shadowy altar of Dithmenos.
  1081 | D:2      | Reached skill level 1 in Dodging
  1081 | D:2      | Reached XP level 3. HP: 33/33 MP: 2/2
  1462 | D:2      | Found a runed translucent door.
  1463 | D:2      | Noticed Crazy Yiuf
  1463 | D:2      | Noticed Robin
  1541 | D:2      | Noticed Jessica
  1548 | D:2      | Killed Jessica
  1617 | D:2      | Found a faded altar of an unknown god.
  1816 | D:3      | Reached XP level 4. HP: 33/40 MP: 3/3
  2647 | D:4      | Noticed a scorpion
  2652 | D:4      | Killed a scorpion
  2653 | D:4      | Reached XP level 5. HP: 47/47 MP: 4/4
  2840 | D:4      | Reached XP level 6. HP: 39/55 MP: 5/5
  2969 | D:2      | Slain by Crazy Yiuf

Illustrated notes

Levels and vault maps discovered:
D:1:      co_arrival_square_in_a_square_in_a_square, layout_loops_ring,
          serial_bayou_pond_e
D:2:      layout_loops_corners, basic_altar,
          hellmonk_ecumenical_altar_inner_sanctum, uniq_crazy_yiuf_cottage,
          uniq_jessica, uniq_robin
D:3:      layout_basic
D:4:      layout_basic

Skill      XL: |  1  2  3  4  5 |
---------------+----------------+-----
Dodging        | 1 2 |  2.6
Shields        | 4 |  4.9
Armour         | 4 |  4.8
Fighting       | 4 |  4.8
Axes           | 3 4 |  4.1

Action                   |  1- 3 |  4- 6 || total
-------------------------+-------+-------++-------
Melee: War axe           |    54 |    76 ||   130
       Headbutt          |     3 |     9 ||    12
Armor: Scale mail        |    11 |    26 ||    37
Dodge: Dodged            |    33 |    26 ||    59
Block: Buckler           |    20 |    41 ||    61
